 Dungeon Crawl Stone Soup version 0.19.5 (webtiles) character file.

98 Monsterracer the Cudgeler (level 4, 0/45 HPs)
             Began as an Ogre Hunter on May 7, 2017.
             Slain by greprep's ghost (1 damage)
             ... on level 3 of the Dungeon.
             The game lasted 00:08:08 (2758 turns).

Monsterracer the Cudgeler (Ogre Hunter)             Turns: 2758, Time: 00:08:09

Health: 0/45       AC:  3    Str: 15 (18) XL:     4   Next: 69%
Magic:  4/4        EV: 10    Int:  7 (10) God:
Gold:   93         SH:  0    Dex: 10 (12) Spells: 0 memorised, 3 levels left

rFire  . . .     SeeInvis .     l - +0 club
rCold  . . .     Gourm    +     b - +0 robe
rNeg   . . .     Faith    .     (no shield)
rPois  .         Spirit   .     (helmet restricted)
rElec  .         Reflect  .     (no cloak)
rCorr  .         Harm     .     (gloves unavailable)
MR     .....                    (boots unavailable)
Stlth  ++........               g - amulet of the gourmand
                                (no ring)
                                (no ring)

@: no status effects
A: unfitting armour, thin skeletal structure 1, deterioration 1, tough skin 1
a: no special abilities


You were on level 3 of the Dungeon.
You were very full.

You visited 1 branch of the dungeon, and saw 3 of its levels.

You collected 93 gold pieces.

Inventory:

Hand Weapons
 l - a +0 club (weapon)
Missiles
 a - 2 exploding tomahawks
 d - 2 throwing nets
 j - 51 stones (quivered)
Armour
 b - a +0 robe (worn)
Jewellery
 g - an amulet of the gourmand (around neck)
Wands
 o - a wand of digging (12/24)
Scrolls
 e - 2 scrolls of identify {unknown}
 h - 2 scrolls of enchant armour {unknown}
 i - 2 scrolls of fear {unknown}
 m - a scroll of amnesia {unknown}
 n - 5 scrolls of remove curse {unknown}
 q - a scroll of enchant weapon {unknown}
Potions
 k - a potion of magic {unknown}
 p - a potion of mutation
 s - 2 potions of curing
Comestibles
 f - 2 bread rations
 r - a meat ration
 t - a chunk of flesh


   Skills:
 - Level 3.0 Fighting
 * Level 5.0 Maces & Flails
 - Level 4.0 Throwing
 - Level 2.0 Dodging
 - Level 0.6 Stealth


You had 3 spell levels left.
You didn't know any spells.

Dungeon Overview and Level Annotations

Branches:
Dungeon (3/15)

Altars:

Annotations:
D:3 greprep's ghost, amateur SpEn


Innate Abilities, Weirdness & Mutations

You are too large for most types of armour.
You have tough skin. (AC +1)
You have a somewhat thin skeletal structure. (Dex +2, Stealth)
Your body sometimes deteriorates upon taking damage.


Message History

Greprep's ghost hits you.
* * * LOW HITPOINT WARNING * * *
You miss greprep's ghost.
Greprep's ghost is almost destroyed.
Greprep's ghost hits you.
* * * LOW HITPOINT WARNING * * *
You hit greprep's ghost.
Greprep's ghost is almost destroyed.
Greprep's ghost hits you.
* * * LOW HITPOINT WARNING * * *
You hit greprep's ghost.
Greprep's ghost is almost destroyed.
Greprep's ghost hits you.
* * * LOW HITPOINT WARNING * * *
You closely miss greprep's ghost.
Greprep's ghost is almost destroyed.
Greprep's ghost hits you.
* * * LOW HITPOINT WARNING * * *
Greprep's ghost hits you.
You die...

#(# #.# #.# #.#
#.# #>#######..
#.#........
#.W........###
###@######.?.. #.#
#.# #.# #.#
#.########.#######
#......)..........
#########..#####.#
#..# #.# #..# #..
#.[# ###..


You could see greprep's ghost.

Vanquished Creatures
  3 adders
  An ooze (D:2)
  2 leopard geckos
  4 orcs (D:3)
  A ball python (D:2)
  A giant cockroach (D:1)
  3 goblins
  6 hobgoblins
  8 jackals
  A quokka (D:2)
  6 bats
  4 frilled lizards
  9 kobolds (D:1)
  8 rats
57 creatures vanquished.

Notes
Turn   | Place    | Note
-------+----------+-------------------------------------------
     0 | D:1      | Monsterracer the Ogre Hunter began the quest for the Orb.
     0 | D:1      | Reached XP level 1. HP: 22/22 MP: 1/1
   224 | D:1      | Reached XP level 2. HP: 22/29 MP: 2/2
   344 | D:1      | Reached skill level 1 in Maces & Flails
   385 | D:1      | Gained mutation: Your body sometimes deteriorates upon taking damage. [potion of mutation]
   385 | D:1      | Gained mutation: You have a somewhat thin skeletal structure. (Dex +2, Stealth) [potion of mutation]
   517 | D:1      | You fall through a shaft!
   553 | D:1      | Reached skill level 2 in Maces & Flails
   805 | D:1      | Reached XP level 3. HP: 17/37 MP: 3/3
  1379 | D:1      | Reached skill level 3 in Maces & Flails
  1809 | D:2      | Reached skill level 4 in Maces & Flails
  1809 | D:2      | Reached XP level 4. HP: 26/45 MP: 4/4
  2644 | D:3      | Reached skill level 5 in Maces & Flails
  2706 | D:3      | Noticed greprep's ghost (amateur SpEn)
  2756 | D:3      | HP: 1/45 [greprep's ghost (3)]
  2758 | D:3      | Slain by greprep's ghost

Skill      XL: |  1  2  3  4 |
---------------+-------------+-----
Dodging        | 2 |  2.0
Fighting       | 3 |  3.0
Maces & Flails | 2 4 5 |  5.0
Throwing       | |  4.0
Stealth        | |  0.6

Action                   |  1- 3 |  4- 6 || total
-------------------------+-------+-------++-------
Melee: Short sword       |     6 |       ||     6
       Club              |    68 |    99 ||   167
Throw: Stone             |    51 |    55 ||   106
       Large rock        |    13 |     7 ||    20
  Use: Potion            |     3 |     2 ||     5
 Stab: Sleeping          |     1 |       ||     1
  Eat: Chunk             |    10 |     4 ||    14
Armor: Robe              |    56 |    37 ||    93
Dodge: Dodged            |    83 |    51 ||   134
